 Dungeon Crawl Stone Soup version 0.29.1-1-gd02db6906a (webtiles) character file.

Game seed: 11587112351574900336

1039 Demigod47 the Cudgeller (level 8, -1/70 HPs)
             Began as a Minotaur Fighter on Oct 7, 2022.
             Slain by a yak (11 damage)
             ... on level 6 of the Dungeon.
             The game lasted 00:04:57 (3140 turns).

Demigod47 the Cudgeller (Minotaur Fighter)          Turns: 3140, Time: 00:04:58

Health: -1/70      AC: 13    Str: 30    XL:     8   Next: 4%
Magic:  0/7        EV: 10    Int:  5    God:
Gold:   110        SH:  4    Dex:  9    Spells: 7/7 levels left

rFire   . . .      SeeInvis .   t - +3 mace
rCold   . . .      Faith    .   c - +0 buckler
rNeg    . . .      Spirit   +   b - +0 scale mail
rPois   .          Reflect  .   (helmet restricted)
rElec   .          Harm     .   (no cloak)
rCorr   .          Rampage  .   j - +0 pair of gloves
Will    .....                   (no boots)
Stlth   ..........              n - amulet of guardian spirit
HPRegen 0.21/turn               f - +4 ring of protection
MPRegen 0.10/turn               u - +6 ring of strength

@: mighty
A: horns 2, retaliatory headbutt
a: no special abilities


You were on level 6 of the Dungeon.
You visited 1 branch of the dungeon, and saw 4 of its levels.

You collected 110 gold pieces.

Inventory:

Hand Weapons
 a - a +0 flail
 t - a +3 mace (weapon)
Missiles
 k - 8 poisoned darts (quivered)
 m - 2 throwing nets
 w - 4 datura-tipped darts
Armour
 b - a +0 scale mail (worn)
 c - a +0 buckler (worn)
 j - a +0 pair of gloves (worn)
Jewellery
 f - a +4 ring of protection (left hand)
 n - an amulet of guardian spirit (around neck)
 u - a +6 ring of strength (right hand)
 z - an amulet of magic regeneration
Wands
 A - a wand of charming (16)
 E - a wand of acid (5)
Scrolls
 e - a scroll of fog {unknown}
 g - 2 scrolls of amnesia {unknown}
 h - a scroll of immolation {unknown}
 i - 7 scrolls of identify {unknown}
 o - 2 scrolls of noise {unknown}
 r - 2 scrolls of vulnerability {unknown}
 v - 2 scrolls of enchant armour {unknown}
 x - 2 scrolls of teleportation {unknown}
 y - 3 scrolls of summoning {unknown}
 B - a scroll of magic mapping {unknown}
 D - a scroll of fear {unknown}
Potions
 d - a potion of might
 l - 3 potions of heal wounds {unknown}
 p - 5 potions of curing {unknown}
 q - a potion of resistance {unknown}
 s - 3 potions of magic {unknown}
 C - a potion of attraction {unknown}


   Skills:
 + Level 5.9 Fighting
 + Level 7.8 Maces & Flails
 + Level 6.4 Armour
 + Level 2.2 Dodging
 + Level 0.2 Stealth
 + Level 4.8 Shields


You had 7 spell levels left.
You didn't know any spells.
Your spell library contained the following spells:

 Spells                   Type           Power      Damage    Failure   Level
 Apportation              Tloc           0%         N/A       80%         1
 Magic Dart               Conj           0%         1d3       80%         1
 Necrotise                Necr           0%         1d4       80%         1
 Summon Small Mammal      Summ           0%         N/A       80%         1
 Blink                    Tloc           0%         N/A       90%         2
 Call Imp                 Summ           0%         N/A       90%         2
 Static Discharge         Conj/Air       0%         3-3/arc   90%         2
 Lesser Beckoning         Tloc           0%         N/A       99%         3
 Mephitic Cloud           Conj/Pois/Air  0%         N/A       99%         3
 Portal Projectile        Hex/Tloc       0%         N/A       99%         3
 Tukima's Dance           Hex            0%         N/A       99%         3
 Hailstorm                Conj/Ice       0%         3d3       100%        4
 Ice Form                 Ice/Tmut       0%         N/A       100%        4
 Blade Hands              Tmut           0%         N/A       100%        5
 Lightning Bolt           Conj/Air       0%         1d11      100%        5
 Manifold Assault         Tloc           0%         N/A       100%        5
 Simulacrum               Ice/Necr       0%         N/A       100%        6
 Maxwell's Capacitive Co  Air            0%         ∞         100%        8


Dungeon Overview and Level Annotations

Branches:
Dungeon (3/15)

Altars:
Nemelex Xobeh

Shops:
D:2 *


Innate Abilities, Weirdness & Mutations

You have a pair of horns on your head.
You reflexively headbutt those who attack you in melee.


Message History

The yak misses you. The yak gores you!
You hit the yak. You headbutt the yak!
The yak is almost dead.
The yak gores you! The yak gores you but does no damage.
You barely miss the yak.
The yak is almost dead.
The yak closely misses you. The yak gores you but does no damage.
The yak completely misses you. The yak gores you but does no damage.
You hit the yak.
You kill the yak!
Your Maces & Flails skill increases to level 7!
Your Armour skill increases to level 6!
You feel very mighty all of a sudden.
You sock the yak! Your headbutt misses the yak.
The yak is moderately wounded.
The yak gores you!
* * * LOW HITPOINT WARNING * * *
You block the yak's attack. The yak attacks as you move away!
You block the yak's attack. The yak attacks as you move away!
The yak closely misses you.
You sock the yak!
The yak is severely wounded.
The yak barely misses you. You furiously retaliate!
You headbutt the yak!!
You kill the yak!
Your Dodging skill increases to level 2!
You sock the yak! Your headbutt misses the yak.
The yak is moderately wounded.
The yak barely misses you.
You sock the yak! You headbutt the yak!
You kill the yak!
You have reached level 8!
You feel stronger.
You barely miss the yak. The yak barely misses you.
You sock the yak!
The yak is moderately wounded.
The yak gores you but does no damage.
You sock the yak! You headbutt the yak!
The yak is almost dead.
The yak gores you!
You die...

#.# #.. #.# ###
##.## ### ##...##
... #.....# #Y#
#.###.####### #.#
#.# #........
#.######.###.#######
#YY@.........#
##############


You could see 2 yaks.

Vanquished Creatures
  4 yaks (D:6)
  2 ice beasts (D:6)
  A centaur (D:6)
  2 hounds (D:6)
  2 iguanas (D:6)
  2 adders (D:2)
  A worm (D:2)
  2 dart slugs
  5 orcs (D:3)
  3 endoplasms
  3 giant cockroaches
  6 goblins
  5 hobgoblins
  3 kobolds
  3 quokkas (D:3)
  8 ball pythons
  9 bats
  3 frilled lizards
  8 rats
72 creatures vanquished.

Notes
Turn   | Place    | Note
-------+----------+-------------------------------------------
     0 | D:1      | Demigod47 the Minotaur Fighter began the quest for the Orb.
     0 | D:1      | Reached XP level 1. HP: 19/19 MP: 0/0
   249 | D:1      | Reached XP level 2. HP: 27/27 MP: 1/1
   388 | D:1      | Found a faded altar of an unknown god.
   936 | D:2      | Reached XP level 3. HP: 31/34 MP: 2/2
  1195 | D:2      | Found Toetegg's Assorted Antiques.
  1338 | D:2      | Reached skill level 3 in Maces & Flails
  1885 | D:3      | Identified the +0 pair of boots "Xusehol" {rN++ Str+3
                  | Int-5}
  1912 | D:3      | Reached XP level 4. HP: 32/41 MP: 3/3
  2330 | D:3      | Found a sparkling altar of Nemelex Xobeh.
  2581 | D:3      | You fall into a shaft and drop 3 floors!
  2664 | D:6      | Reached skill level 4 in Maces & Flails
  2664 | D:6      | Reached XP level 5. HP: 28/47 MP: 2/4
  2808 | D:6      | Noticed an ice beast
  2823 | D:6      | Killed an ice beast
  2824 | D:6      | Reached skill level 5 in Armour
  2824 | D:6      | Reached skill level 1 in Dodging
  2966 | D:6      | Reached skill level 5 in Maces & Flails
  2966 | D:6      | Reached XP level 6. HP: 53/55 MP: 5/5
  2997 | D:6      | Reached skill level 5 in Fighting
  3046 | D:6      | Noticed an ice beast
  3052 | D:6      | Killed an ice beast
  3089 | D:6      | Reached skill level 6 in Maces & Flails
  3117 | D:6      | Noticed a yak
  3117 | D:6      | Noticed a yak
  3121 | D:6      | Noticed a yak
  3123 | D:6      | Noticed a yak
  3124 | D:6      | Killed a yak
  3124 | D:6      | Noticed a yak
  3125 | D:6      | Reached XP level 7. HP: 41/61 MP: 3/6
  3126 | D:6      | Noticed a yak
  3130 | D:6      | Killed a yak
  3131 | D:6      | Reached skill level 7 in Maces & Flails
  3135 | D:6      | Killed a yak
  3137 | D:6      | Killed a yak
  3138 | D:6      | Reached XP level 8. HP: 10/70 MP: 1/7
  3140 | D:6      | Slain by a yak

Illustrated notes

Levels and vault maps discovered:
D:1:      heliophobic_arrival_battle_scene, layout_loops_ring,
          basic_ecumenical_altar
D:2:      layout_loops_corners, serial_shops, nicolae_shop_overgrown_old_shop,
          serial_bayou_crossing
D:3:      layout_basic, lemuel_doored_altar
D:6:      layout_loops_corners, minmay_temple_entry_proselytizer,
          gammafunk_ghost_split

Skill      XL: |  1  2  3  4  5  6  7 |
---------------+----------------------+-----
Armour         | 4 5 6 |  6.4
Fighting       | 4 5 |  5.9
Shields        | 4 |  4.8
Maces & Flails | 3 4 5 6 7 |  7.8
Dodging        | 1 2 |  2.2
Stealth        | |  0.2

Action                   |  1- 3 |  4- 6 |  7- 9 || total
-------------------------+-------+-------+-------++-------
Melee: Flail             |    55 |       |       ||    55
       Headbutt          |    10 |     9 |     3 ||    22
       Mace              |    12 |    60 |    13 ||    85
  Use: Potion            |       |       |     1 ||     1
Armor: Scale mail        |    58 |    40 |     4 ||   102
Dodge: Dodged            |    50 |    32 |     9 ||    91
Block: Buckler           |    16 |    14 |     3 ||    33
